 Dungeon Sprint DCSS version 0.29-a0-857-g9b1aa3ac5b (webtiles) character file.

Game seed: 2782461119048128614

2951 manyhoops the Brawler (level 9, -16/160 HPs)
             Began as a Troll Berserker on July 16, 2022.
             Was a High Priest of Trog.
             Demolished by a tentacle (23 damage)
             ... attached to a kraken
             ... in the Dungeon (Sprint II: "The Violet Keep of Menkaure").
             The game lasted 00:03:22 (425 turns).

manyhoops the Brawler (Troll Berserker)              Turns: 425, Time: 00:03:24

Health: -16/160    AC:  4    Str: 31    XL:     9   Next: 51%
Magic:  8/8        EV: 10    Int:  7    God:    Trog [*****.]
Gold:   297        SH:  0    Dex:  9    Spells: 8/8 levels left

rFire   . . .      SeeInvis .     - Unarmed
rCold   + + .      Faith    .   (no shield)
rNeg    . . .      Spirit   .   a - +0 animal skin
rPois   .          Reflect  .   (helmet restricted)
rElec   .          Harm     .   (no cloak)
rCorr   .          Rampage  .   (gloves unavailable)
Will    ++...      NoTele   +   (boots unavailable)
Stlth   ..........              h - amulet "Usterug" {Acrobat rC++ Int+4}
HPRegen 2.16/turn               (no ring)
MPRegen 0.11/turn               (no ring)

@: berserking, strong-willed (expiring), regenerating (expiring), unable to
read, very quick
A: large, unfitting armour, claws 3, regeneration 1, shaggy fur 1, tough skin 1,
no potion heal 1, inability to read while threatened 1, noise suppression
a: Renounce Religion, Berserk, Trog's Hand, Brothers in Arms


You were in the Dungeon.
You worshipped Trog.
Trog was extremely pleased with you.
You visited 1 branch You collected 1197 gold pieces.
You spent 900 gold pieces at shops.

Inventory:

Armour
 a - a +0 animal skin (worn)
 i - a +0 cloak
Jewellery
 h - the amulet "Usterug" (around neck) {Acrobat rC++ Int+4}
   (You acquired it in the Dungeon)

   [amulet of the acrobat]

   It increases your evasion while moving and waiting.
   Int:       It affects your intelligence (+4).
   rC:        It greatly protects you from cold.
 q - a ring of protection from fire
Scrolls
 g - 2 scrolls of vulnerability {unknown}
 n - a scroll of enchant armour {unknown}
 p - 2 scrolls of magic mapping {unknown}
 r - 2 scrolls of identify {unknown}
 s - a scroll of immolation {unknown}
 t - a scroll of amnesia {unknown}
 w - 3 scrolls of fog {unknown}
 x - a scroll of blinking
Potions
 b - 4 potions of curing
 c - a potion of heal wounds
 d - a potion of haste
 e - 5 potions of magic
 f - 2 potions of berserk rage
 j - a potion of lignification
 k - 2 potions of might
 l - 4 potions of resistance {unknown}
 m - a potion of degeneration {unknown}
 o - 2 potions of mutation {unknown}
 u - a potion of invisibility {unknown}
 v - 3 potions of flight {unknown}
 z - a potion of brilliance {unknown}


   Skills:
 + Level 12.3 Fighting
 - Level 2.4 Dodging
 + Level 16.9 Unarmed Combat


You had 8 spell levels left.
You didn't know any spells.
Your spell library was empty.

Dungeon Overview and Level Annotations

Branches:
Dungeon (1/1)

Altars:
Cheibriados
Dithmenos
Elyvilon
Fedhas
Gozag
Hepliaklqana
Kikubaaqudgha
Makhleb
Nemelex Xobeh
Okawaru
Qazlal
Ru
Sif Muna
Trog
Uskayaw
Vehumet
Wu Jian
Xom
Yredelemnul
Zin
The Shining One
Jiyva
Lugonu

Shops:
D !:!!(:([**[=?=:

Annotations:
D exclusions: ice statue and oklob plant


Innate Abilities, Weirdness & Mutations

You are too large for most types of armour.
You have claws for hands.
Your natural rate of healing is unusually fast.
You are covered in fur. (AC +1)
You have tough skin. (AC +1)
Potions are less effective at restoring your health.
You occasionally lose the ability to read scrolls when taking damage.
You passively dampen the noise of your surroundings.


Message History

The tentacle barely misses you.
You barely miss the tentacle. The tentacle slaps you!! The tentacle slaps you!
You claw the tentacle!
The tentacle is moderately wounded.
The tentacle barely misses you. The tentacle closely misses you.
You mangle the tentacle!! Your claw misses the tentacle.
The tentacle is almost dead.
The tentacle slaps you!
You eviscerate the tentacle!!!
You kill the tentacle!
The tentacle slaps you but does no damage.
You barely miss the tentacle. Your claw misses the tentacle.
The tentacle slaps you!
The tentacle slaps you but does no damage.
You claw the tentacle!
The tentacle is moderately wounded.
You feel the effects of Trog's Hand fading.
The tentacle slaps you.
Tentacles burst out of the water!
You scratch the tentacle.
The tentacle is moderately wounded.
The tentacle slaps you!!
* * * LOW HITPOINT WARNING * * *
The tentacle slaps you.
* * * LOW HITPOINT WARNING * * *
You scratch the tentacle.
The tentacle is heavily wounded.
The tentacle slaps you!!
* * * LOW HITPOINT WARNING * * *
The tentacle slaps you.
* * * LOW HITPOINT WARNING * * *
You eviscerate the tentacle!!!
You feel the power of Trog in you as your rage grows.
You kill the tentacle!
You mangle the tentacle!!
The tentacle is heavily wounded.
The tentacle slaps you!
* * * LOW HITPOINT WARNING * * *
The tentacle slaps you!!
You feel threatened and lose the ability to read scrolls!
You die...

#○)▓...[(.[(▓▓
+.####)=▓[)[....)▓▓
...####▓.....[))▓▓
#..##.#▓.()..)(.▓▓
+..#..#▓.)[.....▓▓
#..#..#▓[.......▓▓
##..##.#▓(.[.).[[▓▓
###...##▓▓▓▓▓▓▓'▓▓▓▓+▓
..≈≈≈≈≈≈≈≈§†§§≈.@wXw≈▓
..≈#+########§###w≈≈≈▓
§.≈#..._._._#≈§≈##≈≈≈▓
≈.≈#_._._._.#≈§§≈####▓
≈≈≈#._._._._#≈≈≈≈≈#
≈≈≈#_._._._.#≈≈§≈§§#
≈§§#._._._..#≈§≈§§≈+
#§§#_._._...#§≈§≈§§#
#§§#._._....#≈≈≈§§ ▓


You could see a kraken and 3 tentacles.

Vanquished Creatures
  A merfolk siren (D)
  A yaktaur (D)
  3 polar bears (D)
  A hornet (D)
  2 wyverns (D)
  4 neqoxecs (D)
  A vampire mosquito (D)
  Menkaure (D)
  5 water moccasins (D)
  3 worms (D)
  3 tentacles (D)
25 creatures vanquished.

Vanquished Creatures (others)
  8 tentacles (D)
8 creatures vanquished.

Grand Total: 33 creatures vanquished

Notes
Turn   | Place    | Note
-------+----------+-------------------------------------------
     0 | D        | manyhoops the Troll Berserker began the quest for the Orb.
     0 | D        | Reached XP level 1. HP: 22/22 MP: 0/0
     1 | D        | Noticed a wyvern
     1 | D        | Noticed a wyvern
     5 | D        | Killed a wyvern
     6 | D        | Reached skill level 7 in Unarmed Combat
     6 | D        | Reached XP level 2. HP: 37/37 MP: 1/1
     6 | D        | Reached XP level 3. HP: 45/45 MP: 2/2
     6 | D        | Reached XP level 4. HP: 53/53 MP: 3/3
     6 | D        | Reached XP level 5. HP: 61/61 MP: 4/4
     9 | D        | Killed a wyvern
    10 | D        | Reached skill level 9 in Unarmed Combat
    10 | D        | Reached XP level 6. HP: 72/72 MP: 5/5
    37 | D        | Reached ** piety under Trog
    48 | D        | Noticed a neqoxec
    50 | D        | Gained mutation: You occasionally lose the ability to read
                  | scrolls when taking damage. [a neqoxec]
    50 | D        | Noticed a neqoxec
    52 | D        | Gained mutation: You passively dampen the noise of your
                  | surroundings. [a neqoxec]
    54 | D        | Killed a neqoxec
    55 | D        | Reached skill level 10 in Unarmed Combat
    56 | D        | Killed a neqoxec
    57 | D        | Reached skill level 11 in Unarmed Combat
    57 | D        | Reached XP level 7. HP: 83/83 MP: 6/6
    59 | D        | Noticed Menkaure
    65 | D        | Noticed a neqoxec
    65 | D        | Noticed a neqoxec
    68 | D        | Killed Menkaure
    68 | D        | Reached *** piety under Trog
    73 | D        | Killed a neqoxec
    73 | D        | Gained mutation: Potions are less effective at restoring
                  | your health. [a neqoxec]
    74 | D        | Reached skill level 10 in Fighting
    74 | D        | Reached skill level 12 in Unarmed Combat
    78 | D        | Killed a neqoxec
    94 | D        | Noticed an ice statue
   104 | D        | Noticed a merfolk siren
   108 | D        | Killed a merfolk siren
   108 | D        | Reached **** piety under Trog
   109 | D        | Reached skill level 13 in Unarmed Combat
   109 | D        | Reached XP level 8. HP: 96/96 MP: 7/7
   121 | D        | Found Ihesy's Book Emporium.
   121 | D        | Found Giuhog's Jewellery Shoppe.
   121 | D        | Found Bitown's Jewellery Shoppe.
   121 | D        | Found Qiwafup's Antique Armour Emporium.
   122 | D        | Found Woggaps Anlo's Magic Scroll Emporium.
   122 | D        | Found Hykkod's General Store.
   122 | D        | Found Zohig's Antique Armour Emporium.
   122 | D        | Found Emoolu Rusau's Weapon Shoppe.
   123 | D        | Found Baprogg's Book Emporium.
   123 | D        | Found Ymeq's General Store.
   123 | D        | Found Dakoud's Antique Weapon Shoppe.
   123 | D        | Found Wyamapn's Distillery.
   130 | D        | Found Ylojauff's Distillery.
   130 | D        | Noticed an oklob plant
   131 | D        | Found Rewo's Distillery.
   131 | D        | Found Toah's Book Shoppe.
   132 | D        | Noticed a manticore
   132 | D        | Noticed a manticore
   133 | D        | Noticed a manticore
   143 | D        | Bought a potion of heal wounds for 70 gold pieces
   143 | D        | Noticed a flying skull
   143 | D        | Noticed a flying skull
   143 | D        | Noticed a flying skull
   143 | D        | Noticed a flying skull
   144 | D        | Bought a potion of curing for 39 gold pieces
   148 | D        | Bought a scroll of acquirement for 624 gold pieces
   152 | D        | Bought a cloak for 90 gold pieces
   154 | D        | Bought a potion of lignification for 33 gold pieces
   154 | D        | Bought a potion of might for 44 gold pieces
   154 | D        | Acquired the amulet "Usterug" {Acrobat rC++ Int+4}
   175 | D        | Reached skill level 14 in Unarmed Combat
   192 | D        | Found a glowing golden altar of the Shining One.
   192 | D        | Found an ornate altar of the Wu Jian Council.
   192 | D        | Found a stormy altar of Qazlal.
   193 | D        | Found a shimmering altar of Xom.
   193 | D        | Found a sacrificial altar of Ru.
   193 | D        | Found a hazy altar of Hepliaklqana.
   194 | D        | Found a basalt altar of Yredelemnul.
   194 | D        | Found a shimmering blue altar of Sif Muna.
   194 | D        | Found a viscous altar of Jiyva.
   195 | D        | Found a glowing silver altar of Zin.
   195 | D        | Found a bloodstained altar of Trog.
   195 | D        | Found an ancient bone altar of Kikubaaqudgha.
   195 | D        | Found a snail-covered altar of Cheibriados.
   196 | D        | Found a hide-covered altar of Uskayaw.
   196 | D        | Found a corrupted altar of Lugonu.
   196 | D        | Found a shadowy altar of Dithmenos.
   197 | D        | Found a radiant altar of Vehumet.
   197 | D        | Found a burning altar of Makhleb.
   197 | D        | Found a white marble altar of Elyvilon.
   199 | D        | Found a sparkling altar of Nemelex Xobeh.
   199 | D        | Found a blossoming altar of Fedhas.
   200 | D        | Found an iron altar of Okawaru.
   200 | D        | Found an opulent altar of Gozag.
   208 | D        | Noticed a kraken
   216 | D        | Reached ***** piety under Trog
   222 | D        | Noticed a yaktaur
   222 | D        | Noticed a hornet
   222 | D        | Noticed a polar bear
   222 | D        | Noticed a polar bear
   240 | D        | Killed a polar bear
   241 | D        | Reached skill level 15 in Unarmed Combat
   241 | D        | Reached XP level 9. HP: 34/106 MP: 8/8
   243 | D        | Killed a polar bear
   262 | D        | Received a gift from Trog
   263 | D        | Reached skill level 16 in Unarmed Combat
   268 | D        | Killed a yaktaur
   278 | D        | Noticed a polar bear
   283 | D        | Killed a polar bear
   328 | D        | Found the +13 scythe of Curses {drain, Drain}
   425 | D        | HP: 7/160 [tentacle[a kraken] (7)]
   425 | D        | Demolished by a tentacle

Illustrated notes

Levels and vault maps discovered:
D:        the_violet_keep_of_menkaure [sprint2_stairs_cluster_1,
          sprint2_shoproom, sprint2_temple, sprint2_basic_supplies,
          sprint2_obstacle_5, sprint2_obstacle_7, sprint2_obstacle_2,
          sprint2_obstacle_1, sprint2_obstacle_4, sprint2_timed_cluster_1,
          sprint2_smallroom_cluster_1, sprint2_smallroom_final_cluster_1,
          sprint2_transparent_cluster_1, sprint2_second_timed_cluster_1,
          sprint2_sniper_area_1, sprint2_heavy_combat_area_1,
          sprint2_mutation_trap_area_1, sprint2_forest_area_1,
          sprint2_light_combat_area_1, sprint2_behind_water_1,
          sprint2_near_end_vault_1]

Skill      XL: |  1  2  3  4  5  6  7  8  9 |
---------------+----------------------------+-----
Fighting       | 6 7 9 10 11 12 | 12.3
Unarmed Combat | 7 9 11 13 15 16 | 16.9
Dodging        | |  2.4

Action                   |  1- 3 |  4- 6 |  7- 9 || total
-------------------------+-------+-------+-------++-------
Melee: Unarmed           |     3 |    13 |    75 ||    91
       Punch             |     1 |     1 |     5 ||     7
Invok: Berserk           |     1 |     1 |     2 ||     4
       Trog's Hand       |       |       |     7 ||     7
  Use: Potion            |       |       |     2 ||     2
       Scroll            |       |       |     2 ||     2
Armor: Animal skin       |       |     1 |    20 ||    21
Dodge: Dodged            |     2 |     3 |    48 ||    53

Table legend: (Time is in decaauts)
 A = Elapsed time spent in this place.
 B = Non-inter-level travel time spent in this place.
 C = Inter-level travel time spent in this place.
 D = Time resting spent in this place.
 E = Time spent auto-exploring this place.
 F = Levels seen in this place.
 G = Mean time per level.
                   A        B        C        D        E       F      G
               +--------+--------+--------+--------+--------+-----+--------+
         Total |    453 |    453 |      0 |     30 |     72 |   1 |  453.0 |
       Dungeon |    453 |    453 |      0 |     30 |     72 |   1 |  453.0 |
               +--------+--------+--------+--------+--------+-----+--------+

Top non-repeatable levels by time:
       D: 453 daAuts
